 Dungeon Crawl Stone Soup version 0.17.1-3-g152610e (webtiles) character file.

263 Gargoyl the Skirmisher (level 5, 0/42 HPs)
             Began as a Demonspawn Abyssal Knight on Apr 19, 2016.
             Was a Believer of Lugonu.
             Killed from afar by an orc wizard (11 damage)
             ... with a puff of flame
             ... on level 4 of the Dungeon.
             The game lasted 00:07:52 (3442 turns).

Gargoyl the Skirmisher (Demonspawn Abyssal Knight)  Turns: 3442, Time: 00:07:52

Health: 0/42       AC: 16    Str: 15    XL:     5   Next: 97%
Magic:  7/7        EV:  4    Int: 14    God:    Lugonu [**....]
Gold:   215        SH:  2    Dex: 12    Spells: 0 memorised, 4 levels left

rFire  . . .     SeeInvis +     a - +1 hand axe
rCold  . . .     Clarity  .     k - +0 plate armour
rNeg   . . .     SustAt   .     (no shield)
rPois  .         Gourm    .     (no helmet)
rElec  .         Spirit   .     u - +0 cloak
rCorr  .         Warding  .     (no gloves)
rMut   .         Stasis   .     b - +0 pair of boots
MR     .....                    (no amulet)
Stlth  ..........               (no ring)
                                o - +2 ring of strength

@: not resistant to hostile enchantments, extremely unstealthy
A: hooves 1, large bone plates 1, see invisible, powered by pain 1
a: Depart the Abyss, Bend Space, Renounce Religion


You were on level 4 of the Dungeon.
You worshipped Lugonu.
Lugonu was pleased with you.
You were hungry.

You visited 1 branch of the dungeon, and saw 4 of its levels.
You visited the Abyss 1 time.

You collected 215 gold pieces.

Inventory:

Hand Weapons
 a - a +1 hand axe (weapon)
 s - a +0 blowgun
 v - a +0 flail
Missiles
 f - 21 poisoned needles
Armour
 b - a +0 pair of boots (worn)
 k - a +0 plate armour (worn)
 u - a +0 cloak (worn)
Jewellery
 o - a +2 ring of strength (left hand)
Wands
 m - a wand of confusion (7)
 q - a wand of digging (12)
Scrolls
 e - a scroll of fog {unknown}
 g - a scroll of magic mapping {unknown}
 n - a scroll of teleportation {unknown}
 p - a scroll of identify {unknown}
 r - a scroll of recharging {unknown}
 t - 2 scrolls of remove curse {unknown}
Potions
 d - a potion of might {unknown}
 i - 5 potions of brilliance {unknown}
 x - a potion of mutation {unknown}
 z - a potion of poison {unknown}
Comestibles
 c - 6 bread rations
 h - a slice of pizza
 j - a meat ration


   Skills:
 + Level 4.2 Fighting
 + Level 2.7 Axes
 * Level 4.0 Armour
 + Level 1.3 Dodging
 + Level 3.1 Invocations


You had 4 spell levels left.
You didn't know any spells.

Dungeon Overview and Level Annotations

Branches:
Dungeon (4/15)
 Temple: D:4-7

Altars:
Trog

Annotations:
D:3 veneficus's ghost, amateur DECj


Innate Abilities, Weirdness & Mutations

You have large cloven feet.
You are partially covered in large bone plates (AC +2, SH +2).
You sometimes gain a little power by taking damage.
You have supernaturally acute eyesight.


Message History

The orc wizard points at you and mumbles some strange words.
The magic dart hits you!
The orc wizard hits you but does no damage.
The orc wizard gestures wildly while chanting.
The orc wizard seems to speed up.
You hit the orc wizard but do no damage.
The orc wizard is lightly wounded.
You hit the orc wizard.
The orc wizard is severely wounded.
The orc wizard hits you but does no damage. x2
The orc wizard casts a spell at you. The puff of flame hits you!
* * * LOW HITPOINT WARNING * * *
Drink which item? (? for menu, Esc to quit)
It was a potion of beneficial mutation.
Your vision sharpens.
You feel fantastic! The orc wizard barely misses you.
The orc wizard casts a spell at you. The puff of flame hits you!
You die...

..#.. #.#.######
#.#.##... #.#.##.#
#......#
#...##.########
##...##........#
#...o##.######.# #
#.)@###.# #.#####
#...o...# #......
#...##########..####
#...# ............
..... #######.####
##.... #####.####
#.... #.......).
...... #.###.####
.......


You could see 2 orc wizards.

Vanquished Creatures
  A hound (D:4)
  Crazy Yiuf (D:3)
  An orc priest (D:4)
  An orc wizard (D:4)
  Ijyb (D:3)
  Jessica (D:2)
  2 oozes
  An adder zombie (D:3)
  2 worms
  8 orcs
  9 bats
  9 hobgoblins
  4 kobolds
  2 quokkas (D:2)
  7 giant cockroaches
  6 giant newts
  10 goblins
  A jackal skeleton (D:4)
  7 rats
74 creatures vanquished.

Notes
Turn   | Place    | Note
--------------------------------------------------------------
     0 | Abyss:1  | Gargoyl the Demonspawn Abyssal Knight began the quest for the Orb.
     0 | Abyss:1  | Reached XP level 1. HP: 18/18 MP: 2/2
   188 | Abyss:2  | Noticed a thrashing horror
   193 | D:1      | Escaped the Abyss
   427 | D:1      | Reached skill level 1 in Dodging
   438 | D:1      | Gained mutation: You are partially covered in large bone plates (AC +2, SH +2). [demonic ancestry]
   438 | D:1      | Reached XP level 2. HP: 24/24 MP: 4/4
   546 | D:1      | Reached * piety under Lugonu
  1167 | D:2      | Gained mutation: You have large cloven feet. [demonic ancestry]
  1167 | D:2      | Reached XP level 3. HP: 26/29 MP: 5/5
  1519 | D:2      | Noticed Jessica
  1530 | D:2      | Killed Jessica
  1530 | D:2      | Reached XP level 4. HP: 34/37 MP: 6/6
  1705 | D:3      | Reached ** piety under Lugonu
  2121 | D:3      | Noticed Ijyb
  2155 | D:3      | Killed Ijyb
  2177 | D:3      | Noticed veneficus's ghost (amateur DECj)
  2243 | D:3      | Found a faded altar to an unknown god.
  2498 | D:3      | Found a bloodstained altar of Trog.
  2848 | D:3      | Noticed Crazy Yiuf
  2863 | D:3      | Killed Crazy Yiuf
  2863 | D:3      | Gained mutation: You sometimes gain a little power by taking damage. [demonic ancestry]
  2863 | D:3      | Reached XP level 5. HP: 21/42 MP: 7/7
  3184 | D:4      | Reached skill level 4 in Fighting
  3442 | D:4      | Gained mutation: You have supernaturally acute eyesight. [potion of beneficial mutation]
  3442 | D:4      | Killed from afar by an orc wizard

Action                   |  1- 3 |  4- 6 || total
-------------------------+-------+-------++-------
Melee: Hand axe          |   120 |   188 ||   308
Invok: Depart the Abyss  |     1 |       ||     1
  Use: Scroll            |     1 |       ||     1
       Potion            |       |     1 ||     1
  Eat: Chunk             |     2 |     3 ||     5
       Fruit             |       |     2 ||     2
       Beef jerky        |       |     1 ||     1
